 Dungeon Crawl Stone Soup version 0.27-a0-577-ge2a43ba0c9 (webtiles) character file.

Game seed: 2728737371131010172

37 Goblin1989 the Sneak (level 3, 0/29 HPs)
             Began as a Demonspawn Delver on Mar 9, 2021.
             Was a Follower of Uskayaw.
             Slain by a hobgoblin
             ... wielding a +0 club
              (1 damage)
             ... on level 2 of the Dungeon.
             The game lasted 00:03:38 (1368 turns).

Goblin1989 the Sneak (Demonspawn Delver)            Turns: 1368, Time: 00:03:39

Health: 0/29       AC:  3    Str: 12    XL:     3   Next: 21%
Magic:  3/3        EV: 11    Int: 11    God:    Uskayaw [*.....]
Gold:   82         SH:  0    Dex: 15    Spells: 2/2 levels left

rFire    . . .     SeeInvis .   a - +0 short sword
rCold    . . .     Faith    .   (no shield)
rNeg     . . .     Spirit   .   b - +0 leather armour
rPois    .         Reflect  .   (no helmet)
rElec    .         Harm     .   (no cloak)
rCorr    .         Rampage  .   (no gloves)
Will     .....                  (no boots)
Stlth    +++.......             (no amulet)
HPRegen  0.09/turn              (no ring)
MPRegen  0.08/turn              (no ring)

@: no status effects
A: demonic magic 1
a: Renounce Religion, Stomp


You were on level 2 of the Dungeon.
You worshipped Uskayaw.
Uskayaw was noncommittal.
You visited 1 branch of the dungeon, and saw 5 of its levels.

You collected 82 gold pieces.

Inventory:

Hand Weapons
 a - a +0 short sword (weapon)
Missiles
 P - 10 poisoned darts (quivered)
Armour
 b - a +0 leather armour (worn)
Wands
 g - a wand of digging (2) {@v1}
Scrolls
 c - a scroll of fog
 e - a scroll of fear
 M - 2 scrolls of magic mapping
 O - 2 scrolls of teleportation {unknown}
Potions
 f - a potion of haste {@q3,}
 N - a potion of curing {unknown}


   Skills:
 - Level 3.0 Fighting
 * Level 2.8 Short Blades
 + Level 0.6 Throwing
 - Level 1.7 Dodging
 + Level 4.8 Stealth


You had 2 spell levels left.
You didn't know any spells.
Your spell library was empty.

Dungeon Overview and Level Annotations

Branches:
Dungeon (5/15)
 Temple: D:4-7

Altars:
Elyvilon
Fedhas
Sif Muna
Uskayaw
Zin


Innate Abilities, Weirdness & Mutations

Spells you cast may paralyse adjacent enemies.


Message History

The hobgoblin hits you but does no damage.
You hit the jackal.
You kill the jackal!
The jackal barely misses you.
The jackal bites you but does no damage.
You barely miss the hobgoblin.
A bat comes into view.
The hobgoblin misses you.
The jackal bites you but does no damage.
The rat closely misses you.
You hit the rat but do no damage.
The jackal bites you but does no damage.
The hobgoblin hits you but does no damage.
You closely miss the rat. The jackal barely misses you.
The rat closely misses you. The hobgoblin closely misses you.
The jackal barely misses you.
You barely miss the rat. The bat closely misses you. The rat barely misses you.
The bat misses you. The hobgoblin hits you with a +0 club.
The jackal closely misses you.
You take 4 damage, and have 21/29 hp.
You completely miss the rat. The bat barely misses you. The rat bites you.
The jackal bites you but does no damage.
The hobgoblin barely misses you.
You take 2 damage, and have 19/29 hp.
You hit the rat.
You kill the rat!
The bat barely misses you.
The jackal bites you but does no damage.
The hobgoblin hits you with a +0 club.
The jackal bites you but does no damage.
You take 2 damage, and have 17/29 hp.
You are too injured to fight recklessly!
You are too injured to fight recklessly!
You are too injured to fight recklessly!
You are too injured to fight recklessly!
The bat closely misses you. The bat hits you but does no damage.
The jackal closely misses you. The bat barely misses you.
You hit the bat.
The bat is heavily wounded.
The bat hits you but does no damage.
You hit the jackal.
You kill the jackal!
The bat misses you. The hobgoblin hits you with a +0 club.
* * * LOW HITPOINT WARNING * * *
The bat closely misses you.
You see here a jackal corpse.
You take 6 damage, and have 12/29 hp.
MASSIVE DAMAGE!!
You hit the hobgoblin.
The hobgoblin is lightly wounded.
The bat hits you but does no damage. The hobgoblin misses you.
The bat closely misses you.
You hit the bat but do no damage.
The bat is heavily wounded.
The bat closely misses you. The hobgoblin hits you with a +0 club.
* * * LOW HITPOINT WARNING * * *
You take 2 damage, and have 10/29 hp.
The bat completely misses you. The bat closely misses you.
You closely miss the hobgoblin.
The hobgoblin is lightly wounded.
The hobgoblin hits you but does no damage.
You barely miss the hobgoblin.
The hobgoblin is lightly wounded.
The hobgoblin hits you with a +0 club.
* * * LOW HITPOINT WARNING * * *
You take 2 damage, and have 8/29 hp.
You hit the hobgoblin but do no damage.
The hobgoblin is lightly wounded.
The hobgoblin barely misses you.
You closely miss the hobgoblin.
The hobgoblin is lightly wounded.
The hobgoblin barely misses you. The bat hits you but does no damage.
The bat closely misses you. The bat closely misses you.
You miss the bat.
The bat is moderately wounded.
The bat closely misses you. The bat barely misses you.
You hit the bat.
You kill the bat!
You closely miss the hobgoblin.
The hobgoblin is lightly wounded.
The hobgoblin misses you.
You closely miss the hobgoblin.
The hobgoblin is lightly wounded.
The hobgoblin closely misses you.
You hit the hobgoblin.
The hobgoblin is moderately wounded.
The hobgoblin hits you with a +0 club.
* * * LOW HITPOINT WARNING * * *
You take 3 damage, and have 6/29 hp.
You closely miss the hobgoblin.
The hobgoblin is moderately wounded.
The hobgoblin hits you with a +0 club.
* * * LOW HITPOINT WARNING * * *
You take 5 damage, and have 1/29 hp.
You hit the hobgoblin.
The hobgoblin is heavily wounded.
The hobgoblin hits you with a +0 club.
You die...

......█..█.█...............
...........................
.........█.█.███.█.........
...........█..............█
...........█..██.████████.█
.............<...█ █.███
..........██.█.██████████.█..
...........█g█...............
.......█ █@█...........██..
.....██...............██..
........█.█...........██.<
█....██.█.█...........██.. ..
█ █.██.........███..
█.██..............
...██.............. ..
....█............[. ...
.>.█..............


You could see a hobgoblin.

Vanquished Creatures
  2 leopard geckos (D:1)
  2 bats
  4 goblins (D:1)
  7 hobgoblins (D:1)
  5 jackals
  A ball python (D:2)
  3 frilled lizards (D:1)
  7 rats
31 creatures vanquished.

Notes
Turn   | Place    | Note
-------+----------+-------------------------------------------
     0 | D:5      | Goblin1989 the Demonspawn Delver began the quest for the
                  | Orb.
     0 | D:5      | Reached XP level 1. HP: 18/18 MP: 1/1
    13 | D:5      | Noticed a worker ant
    19 | D:4      | Found a shimmering blue altar of Sif Muna.
    19 | D:4      | Found a hide-covered altar of Uskayaw.
    19 | D:4      | Found a blossoming altar of Fedhas.
    27 | D:4      | Became a worshipper of Uskayaw the Reveller
    31 | D:4      | Noticed a worker ant
   104 | D:2      | Reached * piety under Uskayaw
   160 | D:1      | Reached ** piety under Uskayaw
   273 | D:1      | Gained mutation: Spells you cast may paralyse adjacent
                  | enemies. [demonic ancestry]
   273 | D:1      | Reached XP level 2. HP: 23/24 MP: 2/2
   958 | D:1      | Reached XP level 3. HP: 26/29 MP: 3/3
  1367 | D:2      | HP: 1/29 [hobgoblin/+0 club (5)]
  1368 | D:2      | Slain by a hobgoblin

Illustrated notes

Levels and vault maps discovered:
D:1:      saegor_arrival_simple_b, layout_loops_ring, serial_glass,
          glass_columns_c, glass_columns_b, minmay_close_crescents
D:2:      layout_basic, minmay_tree_intersection
D:3:      layout_basic, uniq_grinder, uniq_terence
D:4:      layout_cave_pods, nicolae_overflow_hidden_temple
D:5:      layout_loops_cross, general_overflow_altar, uniq_prince_ribbit1

Skill      XL: |  1 |
---------------+----+-----
Short Blades   | 2 |  2.8
Fighting       | |  3.0
Throwing       | |  0.6
Dodging        | |  1.7
Stealth        | |  4.8

Action                   || total
-------------------------++-------
Melee: Short sword       ||   101
Evoke: Wand              ||     1
 Stab: Sleeping          ||     4
Armor: Leather armour    ||    29
Dodge: Dodged            ||    84

Table legend: (Time is in decaauts)
 A = Elapsed time spent in this place.
 B = Non-inter-level travel time spent in this place.
 C = Inter-level travel time spent in this place.
 D = Time resting spent in this place.
 E = Time spent auto-exploring this place.
 F = Levels seen in this place.
 G = Mean time per level.
                   A        B        C        D        E       F      G
               +--------+--------+--------+--------+--------+-----+--------+
         Total |   1365 |   1332 |     33 |      0 |    989 |   5 |  273.0 |
       Dungeon |   1365 |   1332 |     33 |      0 |    989 |   5 |  273.0 |
               +--------+--------+--------+--------+--------+-----+--------+

Top non-repeatable levels by time:
     D:1: 1176 daAuts
     D:2: 119 daAuts
     D:4: 28 daAuts
     D:3: 20 daAuts
     D:5: 19 daAuts
